 Dungeon Crawl Stone Soup version 0.29.1-15-g9cfb28693d (webtiles) character file.

Game seed: 17182946564492424684

1890 H0rd4k the Insei (level 9, 0/60 HPs)
             Began as an Octopode Artificer on Apr 12, 2023.
             Was an Initiate of Gozag.
             Slain by a sky beast (5 damage)
             ... on level 7 of the Dungeon.
             The game lasted 00:09:42 (8683 turns).

H0rd4k the Insei (Octopode Artificer)               Turns: 8683, Time: 00:09:42

Health: 0/60       AC:  1    Str: 15    XL:     9   Next: 15%
Magic:  16/16      EV: 14    Int: 18    God:    Gozag
Gold:   447        SH:  5    Dex: 12    Spells: 15/17 levels left

rFire   . . .      SeeInvis .     - Unarmed
rCold   . . .      Faith    .   (no shield)
rNeg    . . .      Spirit   .   (helmet restricted)
rPois   .          Reflect  +   a - amulet of reflection
rElec   .          Harm     .   q - +6 ring of strength
rCorr   .          Rampage  .   (no ring)
Will    +....                   (no ring)
Stlth   +++.......              (no ring)
HPRegen 0.20/turn               (no ring)
MPRegen 0.15/turn               (no ring)
                                (no ring)
                                (no ring)

@: no status effects
A: almost no armour, amphibious, 8 rings, camouflage 1, gelatinous body 1,
(nimble swimmer 1), tentacles, strong-willed 1, weak 1
a: Renounce Religion, Potion Petition, Call Merchant, Bribe Branch


You were on level 7 of the Dungeon.
You worshipped Gozag.
Gozag was aware of your devotion.
You visited 2 branches of the dungeon, and saw 8 of its levels.

You collected 558 gold pieces.
You paid 111 gold pieces to Gozag.

Inventory:

Hand Weapons
 f - a +0 dagger of electrocution
Missiles
 r - 2 throwing nets
Magical Staves
 j - a staff of fire
 o - a staff of poison
Jewellery
 a - an amulet of reflection (around mantle)
 q - a +6 ring of strength (left tentacle)
Wands
 b - a wand of roots (12) (quivered)
 c - a wand of paralysis (7)
 t - a wand of polymorph (13)
Scrolls
 d - a scroll of magic mapping {unknown}
 e - 5 scrolls of teleportation {unknown}
 g - a scroll of noise {unknown}
 h - 3 scrolls of blinking {unknown}
 i - 4 scrolls of fog {unknown}
 m - 3 scrolls of identify {unknown}
 s - 2 scrolls of enchant armour {unknown}
Potions
 k - 2 potions of might {unknown}
 l - 2 potions of flight {unknown}
 n - 2 potions of mutation
 p - a potion of lignification {unknown}
 u - a potion of curing {unknown}
 v - a potion of resistance {unknown}


   Skills:
 + Level 4.8 Fighting
 + Level 3.4 Dodging
 + Level 4.1 Stealth
 + Level 3.8 Shields
 - Level 5.6 Unarmed Combat
 * Level 4.9 Spellcasting
 * Level 3.2 Translocations
 - Level 3.2 Evocations


You had 15 spell levels left.
You knew the following spells:

 Your Spells              Type           Power      Damage    Failure   Level
a - Blink                 Tloc           32%        N/A       5%          2

Your spell library contained the following spells:

 Spells                   Type           Power      Damage    Failure   Level
 Foxfire                  Conj/Fire      16%        2x1d4     14%         1
 Magic Dart               Conj           16%        1d3       14%         1
 Slow                     Hex            16%        N/A       14%         1
 Call Imp                 Summ           4%         N/A       21%         2
 Confusing Touch          Hex            4%         N/A       38%         3
 Conjure Flame            Conj/Fire      4%         6-21      38%         3
 Inner Flame              Hex/Fire       4%         N/A       38%         3
 Mephitic Cloud           Conj/Pois/Air  4%         N/A       38%         3
 Vampiric Draining        Necr           4%         2d6       38%         3
 Manifold Assault         Tloc           16%        N/A       67%         5
 Flame Wave               Conj/Fire      4%         2d5       80%         4
 Storm Form               Tmut/Air       2%         N/A       100%        7


Dungeon Overview and Level Annotations

Branches:
Dungeon (7/15)             Temple (1/1) D:4

Altars:
Ashenzari
Dithmenos
Gozag
Kikubaaqudgha
Makhleb
Qazlal
Ru
Trog
Zin
The Shining One

Shops:
D:1 =   D:4 *

Annotations:
D:5 exclusion: downstairs
D:6 4 runed translucent doors, exclusions: ice beast and sky beast, Artool's ghost, novice DsFi
D:7 exclusion: sky beast


Innate Abilities, Weirdness & Mutations

You cannot wear most types of armour.
You are amphibious.
You can wear up to eight rings at the same time.
Your skin changes colour to match your surroundings (Stealth+).
Your rubbery body absorbs attacks. (AC +1, EV +1)
((You are camouflaged when in or above water. (Stealth+)))
You have tentacles for arms and can constrict up to eight enemies at once.
You are strong-willed. (Will+)
You are weak. (Str -2)


Message History

You constrict the bullfrog. The bullfrog closely misses you.
The sky beast flickers out of sight!
Deactivating autopickup; reactivate with Ctrl-A.
You bludgeon the bullfrog!
You kill the bullfrog!
You miss something. Something hits you. Something shocks you.
You closely miss something. You squeeze something! Something barely misses you.
You miss something. Something hits you. Something shocks you.
You tentacle-slap something but do no damage.
Your squeeze misses something. Something hits you. Something shocks you.
Unknown command.
You miss something. You barely miss something. Your squeeze misses something.
Something hits you. Something shocks you.
You closely miss something. Your squeeze misses something. Something hits you.
Something shocks you.
* * * LOW HITPOINT WARNING * * *
Aiming: Paralyse
Press: ? - help, Shift-Dir - straight line Nothing appears to happen.
Unknown command.
You closely miss something. Something hits you.
* * * LOW HITPOINT WARNING * * *
Something shocks you.
* * * LOW HITPOINT WARNING * * *
You tentacle-slap something. Your squeeze misses something.
Something hits you but does no damage.
The white imp is distracted by your dazzling golden aura.
You closely miss something.
The white imp shouts!
Something hits you.
* * * LOW HITPOINT WARNING * * *
Something shocks you.
* * * LOW HITPOINT WARNING * * *
Okay, then.
It was a potion of mutation.
You feel extremely strange.
You feel strong-willed.
You feel weaker. Something hits you.
You die...
Your body crumbles into a pile of gold.

#.....###>.#
#.######
.......##
##.# #.#
..##....#
#.###.# .
#....#
#.....#
#....#
#.....#
#....#
#.....#
##....#
##.###
#.@#####
##{#.#.#.#
#5.......
#.#.#.#.#
#........
#$#.#.#.#
#..[.....
#.#.#.#.#
#.....)..


You could see a white imp.

Vanquished Creatures
  Pikel (D:5)
  2 kobold demonologists (D:6)
  Edmund (D:5)
  A phantom (D:4)
  A bullfrog (D:7)
  2 kobold brigands (D:6)
  A necrophage (D:7)
  3 scorpions (D:5)
  3 hounds
  A jelly (D:5)
  2 orc priests
  4 iguanas
  An orc wizard (D:6)
  A gnoll (D:1)
  11 adders
  A shadow imp (D:3)
  A white imp (D:6)
  2 worms (D:2)
  4 dart slugs
  14 orcs
  10 ball pythons
  6 endoplasms
  4 giant cockroaches
  6 goblins
  5 hobgoblins
  5 jackals
  7 kobolds
  5 quokkas
  6 bats
  4 frilled lizards
  7 rats
122 creatures vanquished.

Vanquished Creatures (collateral kills)
  A lemure (D:5)
  An orc wizard (D:6)
  An adder (D:5)
  An orc (D:6)
  A jackal (D:5)
  A kobold (D:6)
6 creatures vanquished.

Vanquished Creatures (others)
  A kobold demonologist (D:6)
  An ice beast (D:5)
  An ogre (D:6)
  A hound (D:5)
  An iguana (D:5)
  2 orc wizards (D:6)
7 creatures vanquished.

Grand Total: 135 creatures vanquished

Notes
Turn   | Place    | Note
-------+----------+-------------------------------------------
     0 | D:1      | H0rd4k the Octopode Artificer began the quest for the Orb.
     0 | D:1      | Reached XP level 1. HP: 13/13 MP: 1/1
   234 | D:1      | Reached XP level 2. HP: 8/18 MP: 3/3
   423 | D:1      | Reached skill level 1 in Spellcasting
   705 | D:1      | Reached XP level 3. HP: 9/24 MP: 5/5
   979 | D:1      | Found Fagoups's Jewellery Shop.
  1140 | D:1      | Found a faded altar of an unknown god.
  1140 | D:1      | Noticed an ice devil
  1199 | D:1      | Reached skill level 1 in Unarmed Combat
  1679 | D:2      | Reached XP level 4. HP: 27/30 MP: 5/7
  2755 | D:3      | Reached skill level 2 in Unarmed Combat
  3031 | D:3      | Reached XP level 5. HP: 18/35 MP: 8/8
  3319 | D:3      | You fall into a shaft and drop 2 floors!
  3319 | D:5      | Entered Level 5 of the Dungeon
  3320 | D:5      | Noticed an ice beast
  3337 | D:5      | Reached skill level 3 in Unarmed Combat
  3410 | D:5      | Reached skill level 1 in Shields
  3410 | D:5      | Reached XP level 6. HP: 19/41 MP: 9/9
  4023 | D:5      | Reached skill level 4 in Unarmed Combat
  4033 | D:5      | Noticed Pikel
  4770 | D:4      | Found Ynoywn's Overcharged Wands.
  4806 | D:4      | Found a bloodstained altar of Trog.
  4923 | D:4      | Reached XP level 7. HP: 43/46 MP: 11/11
  5065 | D:4      | Found a staircase to the Ecumenical Temple.
  5217 | Temple   | Entered the Ecumenical Temple
  5327 | Temple   | Became a worshipper of Gozag Ym Sagoz the Greedy
  6033 | D:5      | Reached skill level 5 in Unarmed Combat
  6208 | D:5      | Noticed Edmund
  6267 | D:5      | Killed Edmund
  6272 | D:5      | Killed Pikel
  6273 | D:5      | Reached XP level 8. HP: 34/54 MP: 13/13
  6513 | D:5      | Learned a level 2 spell: Blink
  6546 | D:6      | Found a glowing golden altar of the Shining One.
  6546 | D:6      | Noticed a kobold demonologist
  6546 | D:6      | Noticed a kobold demonologist
  6546 | D:6      | Noticed a kobold demonologist
  6548 | D:6      | Noticed a ynoxinul
  6557 | D:6      | Noticed an orange demon
  6876 | D:6      | Found a stormy altar of Qazlal.
  6897 | D:6      | Reached skill level 1 in Translocations
  7108 | D:6      | Found a runed translucent door.
  7542 | D:6      | Noticed a rust devil
  7572 | D:6      | Noticed a soul eater
  7572 | D:6      | Killed a kobold demonologist
  7583 | D:6      | Killed a kobold demonologist
  7913 | D:6      | Reached XP level 9. HP: 59/59 MP: 14/16
  8053 | D:6      | Found a runed translucent gate.
  8053 | D:6      | Found a runed translucent gate.
  8053 | D:6      | Found a runed translucent gate.
  8084 | D:6      | Noticed Artool's ghost (novice DsFi)
  8683 | D:7      | Gained mutation: You are strong-willed. (Will+) [potion of
                  | mutation]
  8683 | D:7      | Gained mutation: You are weak. (Str -2) [potion of
                  | mutation]
  8683 | D:7      | Slain by a sky beast

Illustrated notes

Levels and vault maps discovered:
D:1:      wander_arrival_estate, layout_basic, serial_shops,
          nicolae_shop_hallway_plus, dreamdust_ecumenical_altar_sealed_demon
D:2:      layout_loops_cross, minmay_circle_x
D:3:      layout_loops_ring, jmf_multi_god_temple, biasface_ghost_orc_armoury
D:4:      layout_layer_cave, lemuel_crystal_altar, temple_fountains,
          nicolae_shop_overcharged_wands
D:5:      layout_cave_pools, uniq_pikel, uniq_edmund
D:6:      layout_loops_ring, nicolae_qazlal_scattered_showers,
          mainiacjoe_overflow_surrounded_room, gammafunk_ghost_icy,
          lightli_church_of_beogh
D:7:      layout_rooms, gammafunk_temple_overflow_pools, st_stairs_9,
          hangedman_abyss_or_decor_jellyfish_corner, minmay_fire_ice_demons
Temple:   nicolae_temple_superstar

Skill      XL: |  1  2  3  4  5  6  7  8  9 |
---------------+----------------------------+-----
Spellcasting   | 1 2 3 4 |  4.9
Fighting       | 2 3 4 |  4.8
Unarmed Combat | 1 2 3 4 5 |  5.6
Shields        | 1 2 3 |  3.8
Translocations | 3 |  3.2
Stealth        | 3 4 |  4.1
Dodging        | 3 |  3.4
Evocations     | |  3.2

Action                   |  1- 3 |  4- 6 |  7- 9 || total
-------------------------+-------+-------+-------++-------
Melee: Unarmed           |    97 |   123 |   110 ||   330
       Tentacles         |    24 |    38 |    29 ||    91
       Constrict         |    25 |    31 |    24 ||    80
       Punch             |     3 |     4 |     6 ||    13
Evoke: Wand              |       |    15 |    21 ||    36
  Use: Potion            |       |       |     1 ||     1
 Stab: Sleeping          |     8 |     9 |     2 ||    19
Armor: Skin              |     4 |     6 |     4 ||    14
Dodge: Dodged            |    43 |    52 |    62 ||   157
Block: Other             |    14 |    24 |    15 ||    53
       Reflection        |       |       |     1 ||     1
